 Dungeon Crawl Stone Soup version 0.21-a0-142-gdd972a7 (webtiles) character file.

6574 nikopol the Cleaver (level 10, -5/91 HPs)
             Began as a Minotaur Berserker on July 22, 2017.
             Was a High Priest of Trog.
             Slain by a death yak (14 damage)
             ... on level 8 of the Dungeon.
             The game lasted 00:22:57 (8104 turns).

nikopol the Cleaver (Minotaur Berserker)            Turns: 8104, Time: 00:22:58

Health: -5/91      AC: 16    Str: 26    XL:     10   Next: 70%
Magic:  9/9        EV: 13    Int:  4    God:    Trog [*****.]
Gold:   522        SH:  3    Dex: 12    Spells: 9/9 levels left

rFire    . . .     SeeInvis .   a - +2 hand axe (chop)
rCold    x . .     Gourm    .   (no shield)
rNeg     + + .     Faith    .   R - +0 scale mail "Qirefiod" {rPois rC- rN++}
rPois    +         Spirit   .   (helmet restricted)
rElec    .         Reflect  +   Q - +0 cloak
rCorr    .         Harm     .   M - +0 pair of gloves
MR       ++...                  r - +0 pair of boots
Stlth    ..........             K - amulet of Neatsuto {Reflect Str+3 SH+3}
HPRegen  1.25/turn              q - +4 ring of protection
MPRegen  0.11/turn              (no ring)

@: about to teleport, berserk cooldown, regenerating, slowed, very slow
A: retaliatory headbutt, horns 2
a: Berserk, Trog's Hand, Brothers in Arms, Burn Spellbooks, Renounce Religion


You were on level 8 of the Dungeon.
You worshipped Trog.
Trog was extremely pleased with you.
You were near starving.

You visited 1 branch of the dungeon, and saw 9 of its levels.
You also visited: Sewer.

You collected 522 gold pieces.

Inventory:

Hand Weapons
 a - a +2 hand axe of chopping (weapon)
 z - a +2 longbow of freezing
Missiles
 o - 105 arrows (quivered)
Armour
 h - a +0 ring mail
 r - a +0 pair of boots (worn)
 M - a +0 pair of gloves (worn)
 Q - a +0 cloak (worn)
 R - the +0 scale mail "Qirefiod" (worn) {rPois rC- rN++}
   (You found it on level 7 of the Dungeon)

   It makes you vulnerable to cold.
   It protects you from poison.
   It greatly protects you from negative energy.
Jewellery
 g - a +2 ring of evasion
 q - a +4 ring of protection (left hand)
 K - the amulet of Neatsuto (around neck) {Reflect Str+3 SH+3}
   (You found it on level 5 of the Dungeon)

   [amulet of reflection]

   It shields you and reflects attacks.
   It affects your strength (+3).
   It affects your SH (+3).
Wands
 F - a wand of flame (20/48)
 I - a wand of polymorph (6/24)
 O - a wand of polymorph (11/24)
 P - a wand of random effects (23/48)
Scrolls
 e - 2 scrolls of remove curse
 j - 3 scrolls of teleportation
 k - 4 scrolls of identify
 n - 4 scrolls of fog {unknown}
 p - a scroll of random uselessness {unknown}
 s - 2 scrolls of recharging {unknown}
 y - 4 scrolls of enchant weapon {unknown}
 D - a scroll of magic mapping {unknown}
 E - a scroll of enchant armour {unknown}
 L - a scroll of summoning {unknown}
 N - a scroll of blinking {unknown}
Potions
 d - a potion of mutation {unknown}
 f - 3 potions of degeneration {unknown}
 l - 2 potions of flight {unknown}
 m - 3 potions of might {unknown}
 t - a potion of agility {unknown}
 w - 5 potions of brilliance {unknown}
 x - a potion of berserk rage {unknown}
 A - 2 potions of heal wounds
 B - a potion of magic {unknown}
 C - 4 potions of curing {unknown}
 G - a potion of cancellation {unknown}
 H - a potion of ambrosia {unknown}
 S - a potion of haste {unknown}
Comestibles
 b - 3 chunks of flesh
 c - 6 bread rations
 i - 5 royal jellies
 u - 2 meat rations
 J - 28 fruits


   Skills:
 + Level 9.1 Fighting
 + Level 12.4 Axes
 + Level 6.2 Bows
 + Level 8.8 Armour
 + Level 5.9 Dodging
 + Level 1.6 Stealth
 + Level 0.7 Unarmed Combat


You had 9 spell levels left.
You didn't know any spells.

Dungeon Overview and Level Annotations

Branches:
Dungeon (9/15)             Temple (0/1) D:5
   Lair: D:8-11         Orc: D:9-12

Altars:
Ashenzari
Cheibriados
Dithmenos
Fedhas
Makhleb
Qazlal
The Shining One

Shops:
D:4 (


Innate Abilities, Weirdness & Mutations

You reflexively headbutt those who attack you in melee.
You have a pair of horns on your head.


Message History

You climb upwards.
There is a stone staircase leading down here.
Okay, then.
Evoke which item? (* to show all) (? for menu, Esc to quit)
Aiming: Polymorph (will waste charges)
Press: ? - help, Shift-Dir - straight line, f - death yak
Aim: a death yak (chance to defeat MR: 1%)
The death yak resists with almost no effort.
Evoking this partially-identified wand wasted a few charges.
The death yak misses you. The death yak gores you.
* * * LOW HITPOINT WARNING * * *
As you read the scroll labeled JOPOCU LYXKORO, it crumbles to dust.
You feel strangely unstable.
It was a scroll of teleportation.
The death yak barely misses you. The death yak closely misses you. x2
The death yak gores you!
* * * LOW HITPOINT WARNING * * *
Your skin crawls.
You feel resistant to hostile enchantments.
You feel somewhat more hungry. The death yak gores you!
You die...

......##.....#.................##
.............#.######...#.##..###
...............# #...#........
#####.##.......# #...####.#.##
#.##.....#.######...# #...#⌠
#.##.##..#.#.[......######.#≈
#.##.##..#.#.####..........#≈
#..........#Y# ###........##
############.###@# #..####...#
.............###Y######..#.....##
#############....##).......##..#≈
#......)###........#≈
##....#######.......#⌠ #...#.#
##.####.##.##
#.###.####.#.###.##... #.#
#.....###.##.##.## #.#
######.#.###.##...


You could see 2 death yaks.

Vanquished Creatures
  3 death yaks (D:9)
  The ghost of kuniqs the Thaumaturge, a novice DEIE of Kikubaaqudgha (D:8)
  2 hungry ghosts
  Grum (D:8)
  The ghost of wazuzu the Conjurer, an amateur DrWz (Sewer)
  Menkaure (D:7)
  Edmund (D:6)
  A water moccasin (D:5)
  An ice beast (D:6)
  2 sky beasts (D:8)
  3 orc warriors
  3 ogres
  A centaur (D:8)
  4 wolves (D:8)
  3 big kobolds
  Blork the orc (D:6)
  3 bullfrogs
  A scorpion (D:4)
  A wyvern skeleton (D:7)
  7 crimson imps
  A howler monkey (D:6)
  2 centaur zombies
  7 hounds
  4 orc priests
  2 centaur skeletons
  10 orc wizards
  Ijyb (D:5)
  4 iguanas
  6 worker ants
  A hound zombie (D:5)
  A hound skeleton (D:5)
  A worker ant zombie (D:5)
  2 howler monkey skeletons
  5 adders
  2 river rats (Sewer)
  3 shadow imps
  2 oozes
  An adder zombie (D:8)
  An adder skeleton (D:6)
  5 worms
  2 dart slugs (D:1)
  5 leopard geckos
  31 orcs
  7 bats
  5 giant cockroaches
  13 goblins
  18 hobgoblins
  20 jackals
  5 kobolds
  8 quokkas
  6 ball pythons
  3 frilled lizards
  A jackal skeleton (D:5)
  2 quokka skeletons
  A quokka zombie (D:9)
  4 rats
233 creatures vanquished.

Notes
Turn   | Place    | Note
-------+----------+-------------------------------------------
     0 | D:1      | nikopol the Minotaur Berserker began the quest for the Orb.
     0 | D:1      | Reached XP level 1. HP: 19/19 MP: 0/0
   275 | D:1      | Reached skill level 4 in Axes
   275 | D:1      | Reached XP level 2. HP: 21/27 MP: 1/1
   748 | D:2      | Reached XP level 3. HP: 33/33 MP: 2/2
  1136 | D:2      | Reached ** piety under Trog
  1368 | D:2      | Reached XP level 4. HP: 25/40 MP: 3/3
  1486 | D:2      | Found a burning altar of Makhleb.
  1881 | D:3      | Reached skill level 5 in Axes
  1934 | D:3      | Found a blossoming altar of Fedhas.
  1939 | D:3      | Reached XP level 5. HP: 44/46 MP: 4/4
  1948 | D:3      | Found a burning altar of Makhleb.
  1948 | D:3      | Found a stormy altar of Qazlal.
  1980 | D:3      | Found a shattered altar of Ashenzari.
  2075 | D:3      | Found a glowing drain.
  2083 | D:3      | Reached *** piety under Trog
  2091 | Sewer    | Entered a sewer
  2109 | Sewer    | Noticed wazuzu's ghost (amateur DrWz)
  2121 | Sewer    | Killed wazuzu's ghost
  2121 | Sewer    | Reached XP level 6. HP: 53/53 MP: 5/5
  2229 | Sewer    | Reached skill level 6 in Axes
  2660 | D:4      | Reached skill level 5 in Fighting
  2963 | D:4      | Reached skill level 5 in Armour
  2964 | D:4      | Reached XP level 7. HP: 61/61 MP: 6/6
  3080 | D:4      | Reached **** piety under Trog
  3172 | D:4      | Found Leweupon's Weapon Shoppe.
  3285 | D:5      | Entered Level 5 of the Dungeon
  3318 | D:5      | Reached skill level 7 in Axes
  3461 | D:5      | Found a staircase to the Ecumenical Temple.
  3495 | D:5      | Reached skill level 1 in Stealth
  3698 | D:5      | Reached skill level 8 in Axes
  3774 | D:5      | Noticed Ijyb
  3797 | D:5      | Reached XP level 8. HP: 53/70 MP: 7/7
  3803 | D:5      | Killed Ijyb
  4016 | D:5      | Got a crude diamond amulet
  4231 | D:6      | Reached skill level 9 in Axes
  4253 | D:6      | Noticed Blork the orc
  4259 | D:6      | Killed Blork the orc
  4348 | D:6      | Noticed Edmund
  4357 | D:6      | Killed Edmund
  4357 | D:6      | Reached skill level 10 in Axes
  4604 | D:6      | Reached ***** piety under Trog
  4627 | D:6      | Reached skill level 5 in Dodging
  4640 | D:6      | Reached XP level 9. HP: 51/79 MP: 8/8
  4977 | D:6      | Found a shadowy altar of Dithmenos.
  5530 | D:6      | Found a glowing golden altar of the Shining One.
  5762 | D:7      | Reached skill level 11 in Axes
  5830 | D:7      | Noticed Menkaure
  5838 | D:7      | Killed Menkaure
  6160 | D:7      | Got a heavily runed scale mail
  6171 | D:7      | Identified the cursed +0 scale mail "Qirefiod" {rPois rC- rN++} (You found it on level 7 of the Dungeon)
  6610 | D:8      | Received a gift from Trog
  6653 | D:8      | Noticed Grum
  6669 | D:8      | Killed Grum
  6923 | D:8      | Noticed kuniqs's ghost (novice DEIE)
  6934 | D:8      | Killed kuniqs's ghost
  6934 | D:8      | Reached skill level 1 in Bows
  6934 | D:8      | Reached XP level 10. HP: 49/90 MP: 9/9
  7206 | D:8      | Reached skill level 12 in Axes
  7827 | D:8      | Found a snail-covered altar of Cheibriados.
  7888 | D:8      | Identified the amulet of Neatsuto {Reflect Str+3 SH+3} (You found it on level 5 of the Dungeon)
  8028 | D:9      | Noticed a death yak
  8029 | D:9      | Noticed a death yak
  8029 | D:9      | Noticed a death yak
  8029 | D:9      | Noticed a death yak
  8064 | D:9      | Noticed a death yak
  8069 | D:9      | Killed a death yak
  8072 | D:9      | Noticed a death yak
  8078 | D:9      | Killed a death yak
  8078 | D:9      | Reached skill level 5 in Bows
  8086 | D:9      | Killed a death yak
  8104 | D:8      | Slain by a death yak

Vault maps used:
D:1:      dpeg_arrival_boxorama, minmay_split_cup_small
D:2:      makhleb_blood_cavern_becter
D:3:      nicolae_overflow_quartered_altars, cheibrodos_sewer_entry_sluice,
          first_bread
D:4:      cheibrodos_greedy_goblins, serial_shops, nicolae_shop_behind_doors,
          minmay_misc_feat_iff
D:5:      minmay_temple_entry_statues_pillars, uniq_ijyb
D:6:      marbit_many_paths, grunt_dithmenos_smoke, uniq_edmund,
          uniq_blork_the_orc
D:7:      uniq_menkaure
D:8:      cheibrodos_worm_habitat, blue_anna_alchemist, uniq_grum
D:9:      dpeg_lair_monsters, uniq_prince_ribbit1, uniq_pikel
Sewer:    sewer_co_15_rooms

Skill      XL: |  1  2  3  4  5  6  7  8  9 10 |
---------------+-------------------------------+-----
Axes           | 4 5 6 8 10 11 12 | 12.4
Armour         | 3 4 5 6 8 |  8.8
Fighting       | 4 5 7 8 9 |  9.1
Dodging        | 3 4 5 |  5.9
Stealth        | 1 |  1.6
Bows           | 1 6 |  6.2
Unarmed Combat | |  0.7

Action                   |  1- 3 |  4- 6 |  7- 9 | 10-12 || total
-------------------------+-------+-------+-------+-------++-------
Melee: Hand axe          |    69 |    20 |   249 |    58 ||   396
       Headbutt          |    11 |    23 |    72 |    10 ||   116
       War axe           |       |    77 |    79 |       ||   156
       Unarmed           |       |       |     4 |       ||     4
 Fire: Longbow           |       |       |     8 |    35 ||    43
Invok: Berserk           |       |     1 |     7 |     2 ||    10
       Burn Spellbooks   |       |       |     1 |     2 ||     3
       Trog's Hand       |       |       |       |     1 ||     1
Evoke: Wand              |       |       |       |     1 ||     1
  Use: Scroll            |       |       |       |     3 ||     3
  Eat: Chunk             |       |     7 |    20 |     4 ||    31
       Fruit             |       |       |       |     1 ||     1
Armor: Ring mail         |    18 |    28 |    57 |       ||   103
       Animal skin       |     1 |       |       |       ||     1
       Skin              |       |       |    18 |       ||    18
       Scale mail        |       |       |    26 |    19 ||    45
Dodge: Dodged            |    49 |    99 |   170 |    24 ||   342
Block: Other             |       |       |       |     2 ||     2
